 Dungeon Crawl Stone Soup version 0.30-a0-696-g2367cd04db (webtiles) character file.

Game seed: 6675951070914440214

10986 wormed the Cruncher (level 11, 0/87 HPs)
             Began as a Demonspawn Fire Elementalist on Jan 21, 2023.
             Was an Initiate of Vehumet.
             Slain by a boulder beetle (16 damage)
             ... on level 11 of the Dungeon.
             The game lasted 00:25:16 (12211 turns).

wormed the Cruncher (Demonspawn Fire Elementalist) Turns: 12211, Time: 00:25:17

Health: 0/87       AC:  8    Str:  9    XL:     11   Next: 43%
Magic:  10/20      EV: 14    Int: 26    God:    Vehumet [......]
Gold:   612        SH:  0    Dex: 14    Spells: 11/22 levels left

rFire   + . .      SeeInvis .    t - staff of conjuration
rCold   x . .      Faith    .    (no shield)
rNeg    . . .      Spirit   .    s - +0 troll leather armour
rPois   .          Reflect  .    o - +1 helmet
rElec   .          Harm     .    w - +0 cloak
rCorr   .          Rampage  .    (gloves unavailable)
Will    .....                    (no boots)
Stlth   ++                       z - amulet of regeneration
HPRegen 1.94/turn                q - ring of fire
MPRegen 0.17/turn                E - +6 ring of intelligence

@: mighty, hasted, studying 2 skills, very quick
A: rugged brown scales 1, powered by pain 2, demonic touch 3
a: Renounce Religion


You were on level 11 of the Dungeon.
You worshipped Vehumet.
Vehumet was noncommittal.
You visited 2 branches of the dungeon, and saw 12 of its levels.
You also visited: Bailey.

You collected 612 gold pieces.

Inventory:

Hand Weapons
 j - a +2 dagger of draining
Armour
 o - a +1 helmet (worn)
 s - a +0 troll leather armour (worn)
 w - a +0 cloak (worn)
Magical Staves
 t - a staff of conjuration (weapon)
Jewellery
 a - a ring of fire
 d - an amulet of guardian spirit
 n - a ring of poison resistance
 q - a ring of fire (left hand)
 z - an amulet of regeneration (around neck)
 C - a ring of protection from fire
 E - a +6 ring of intelligence (right hand)
Wands
 D - a wand of roots (3) (quivered)
Scrolls
 f - a scroll of identify
 k - a scroll of amnesia
 p - a scroll of magic mapping
 y - 4 scrolls of enchant weapon
 A - 3 scrolls of enchant armour
Potions
 b - a potion of magic
 c - 8 potions of curing
 e - 3 potions of mutation
 g - 2 potions of invisibility {unknown}
 h - 2 potions of flight
 l - 2 potions of berserk rage
 r - 4 potions of might {unknown}
 u - 2 potions of ambrosia {unknown}
 v - 4 potions of lignification {unknown}
 B - a potion of attraction {unknown}
Miscellaneous
 G - a tin of tremorstones (1/2)


   Skills:
 - Level 7.7 Fighting
 + Level 10.3 Staves
 - Level 7.4 Dodging
 - Level 1.7 Stealth
 * Level 6.4 Spellcasting
 - Level 1.0 Conjurations
 + Level 1.5 Hexes
 + Level 1.5 Summonings
 - Level 6.0 Fire Magic


You had 11 spell levels left.
You knew the following spells:

 Your Spells              Type           Power      Damage    Failure   Level
a - Foxfire               Conj/Fire      100%       2x1d9     2%          1
b - Scorch                Fire           100%       2d10      1%          2
c - Inner Flame           Hex/Fire       41%        N/A       6%          3
d - Summon Mana Viper     Hex/Summ       16%        N/A       80%         5

Your spell library contained the following spells:

 Spells                   Type           Power      Damage    Failure   Level
 Beastly Appendage        Tmut           16%        N/A       10%         1
 Freeze                   Ice            32%        1d5       10%         1
 Ignite Poison            Fire/Tmut/Pois 28%        N/A       12%         3
 Kindle Blastsparks       Fire/Tloc/Air  56%        2d14      12%         3
 Wereblood                Tmut           8%         N/A       14%         2
 Call Canine Familiar     Summ           16%        N/A       16%         3
 Portal Projectile        Hex/Tloc       24%        N/A       21%         3
 Hailstorm                Conj/Ice       16%        3d6       22%         3
 Flame Wave               Conj/Fire      56%        2d13      22%         4
 Frozen Ramparts          Ice            16%        1d3       28%         3
 Spider Form              Tmut/Pois      8%         N/A       28%         3
 Leda's Liquefaction      Hex/Erth       6%         N/A       56%         4
 Summon Ice Beast         Ice/Summ       12%        N/A       56%         4
 Freezing Cloud           Conj/Ice/Air   7%         6-21      92%         5
 Monstrous Menagerie      Summ           8%         N/A       100%        7


Dungeon Overview and Level Annotations

Branches:
Dungeon (11/15)            Temple (1/1) D:4            Lair (0/5) D:10
 Bailey (visited)
    Orc: D:9-12

Altars:
Ashenzari
Cheibriados
Dithmenos
Fedhas
Gozag
Hepliaklqana
Kikubaaqudgha
Makhleb
Nemelex Xobeh
Okawaru
Qazlal
Ru
Sif Muna
Trog
Uskayaw
Vehumet
Wu Jian
Xom
Yredelemnul

Shops:
D:7 [

Portals:
Abyss: D:10

Annotations:
D:10 2 transporters, ctx's ghost, journeyman GnEE


Innate Abilities, Weirdness & Mutations

You are partially covered in rugged brown scales. (AC +1, +3% HP)
You sometimes gain power by taking damage.
Your touch may irresistibly damage your foes and sap their willpower.


Message History

The boulder beetle attacks as you move away!
The boulder beetle bites you.
The boulder beetle attacks as you move away!
The boulder beetle misses you.
The boulder beetle curls into a ball and begins rolling!
Casting: Scorch (safe; 1% risk of failure)
Confirm with . or Enter, or press ? or * to list all spells.
You feel a surge of power!
Flames lash the boulder beetle.
The boulder beetle is burned terribly!
Flame seeps out of the boulder beetle.
The boulder beetle is moderately wounded.
The boulder beetle is engulfed in blazing flames.
Flame seeps out of the boulder beetle.
The boulder beetle hits you!!!
Ouch! That really hurt!
* * * LOW HITPOINT WARNING * * *
You focus on the pain.
You feel very mighty all of a sudden.
The boulder beetle stops rolling and uncurls.
You feel yourself speed up. The boulder beetle closely misses you.
Casting: Scorch (safe; 1% risk of failure)
Confirm with . or Enter, or press ? or * to list all spells.
You feel a surge of power!
Flames lash the boulder beetle but do no damage.
Casting: Scorch (safe; 1% risk of failure)
Confirm with . or Enter, or press ? or * to list all spells.
You feel a surge of power!
Flames lash the boulder beetle but do no damage.
Casting: Scorch (safe; 1% risk of failure)
Confirm with . or Enter, or press ? or * to list all spells.
You feel a surge of power!
Flames lash the boulder beetle.
The boulder beetle is burned terribly!
Flame seeps out of the boulder beetle.
The boulder beetle is severely wounded.
The boulder beetle curls into a ball and begins rolling!
Casting: Scorch (safe; 1% risk of failure)
Confirm with . or Enter, or press ? or * to list all spells.
You feel a surge of power!
Flames lash the boulder beetle but do no damage.
The boulder beetle is engulfed in blazing flames.
Flame seeps out of the boulder beetle.
The boulder beetle hits you!
You die...

#############
#...........#
#.#########°# #°#
##○## ######B..##
#....@.#..#
#.####....# #
##.## ##.#.#
#.##...####.#.#
#...........#.#
#######...######.#
.>.......#######.#
#.####..........#
#.#######..# #


You could see a boulder beetle (rolling, inner flame, combustible).

Vanquished Creatures
  2 two-headed ogres
  A death yak (D:10)
  Pikel (D:7)
  An orc knight (Bailey)
  A deep elf pyromancer (Bailey)
  Maggie (D:7)
  Psyche (D:9)
  3 kobold demonologists
  3 trolls
  Prince Ribbit (D:7)
  3 wyverns
  2 shadows
  5 yaks
  2 steam dragons
  Eustachio (D:6)
  7 orc warriors
  2 sky beasts
  A black bear (D:6)
  3 ogres
  8 centaurs
  A phantom (D:5)
  4 kobold brigands
  Blork the orc (D:5)
  2 gnoll sergeants
  A necrophage (D:4)
  7 wights
  4 killer bees
  A howler monkey (D:8)
  3 hounds
  4 orc priests
  Crazy Yiuf (D:4)
  3 jellies
  3 iguanas
  7 orc wizards
  19 gnolls
  4 adders
  A shadow imp (D:5)
  2 white imps
  An ufetubus (D:4)
  3 worms
  3 dart slugs
  32 orcs
  7 ball pythons
  3 bats (D:2)
  9 endoplasms
  2 giant cockroaches
  9 goblins
  8 hobgoblins
  7 quokkas
  5 frilled lizards
  22 kobolds
  4 rats
232 creatures vanquished.

Vanquished Creatures (others)
  269 foxfires
269 creatures vanquished.

Grand Total: 501 creatures vanquished

Notes
Turn   | Place    | Note
-------+----------+-------------------------------------------
     0 | D:1      | wormed the Demonspawn Fire Elementalist began the quest for
                  | the Orb.
     0 | D:1      | Reached XP level 1. HP: 13/13 MP: 3/3
   260 | D:1      | Gained mutation: Your touch may inflict minor irresistible
                  | damage on your foes. [demonic ancestry]
   260 | D:1      | Reached XP level 2. HP: 19/19 MP: 3/5
   263 | D:1      | Learned a level 2 spell: Scorch
   486 | D:1      | Found a faded altar of an unknown god.
  1038 | D:2      | Reached XP level 3. HP: 24/24 MP: 1/7
  1626 | D:2      | Gained mutation: Your touch may inflict irresistible damage
                  | on your foes. [demonic ancestry]
  1626 | D:2      | Reached XP level 4. HP: 30/30 MP: 3/8
  2047 | D:3      | Found an ancient bone altar of Kikubaaqudgha.
  2094 | D:3      | Found a burning altar of Makhleb.
  2097 | D:3      | Found a hazy altar of Hepliaklqana.
  2131 | D:3      | Found a blossoming altar of Fedhas.
  2159 | D:3      | Found the +1 Delatra's gloves {ID++}
  2376 | D:3      | Gained mutation: You sometimes gain a little power by
                  | taking damage. [demonic ancestry]
  2376 | D:3      | Reached XP level 5. HP: 35/35 MP: 2/10
  2502 | D:3      | Found a stormy altar of Qazlal.
  3315 | D:4      | Identified the +0 leather armour of Perfidy {rElec Will-
                  | Str+6 Stlth+}
  3335 | D:4      | Gained mutation: You are partially covered in rugged brown
                  | scales. (AC +1, +3% HP) [demonic ancestry]
  3335 | D:4      | Reached XP level 6. HP: 35/42 MP: 3/12
  3485 | D:4      | Found a runed translucent door.
  3486 | D:4      | Noticed Crazy Yiuf
  3493 | D:4      | Killed Crazy Yiuf
  3561 | D:4      | Identified the +6 hammer of the Maze {freeze, rC++ Str+4}
  3562 | D:4      | Identified the +5 hammer "Fonn" {flame, rElec rN+ Will-
                  | rCorr}
  3624 | D:4      | Reached skill level 5 in Fire Magic
  3935 | D:4      | Found a staircase to the Ecumenical Temple.
  3935 | D:4      | Noticed a sky beast
  3939 | D:4      | Killed a sky beast
  3940 | D:4      | Reached skill level 5 in Spellcasting
  3940 | D:4      | Reached XP level 7. HP: 47/47 MP: 5/14
  3969 | Temple   | Entered the Ecumenical Temple
  4479 | D:5      | Entered Level 5 of the Dungeon
  4816 | D:5      | Reached skill level 1 in Fighting
  4816 | D:5      | Reached skill level 1 in Staves
  5065 | D:5      | Noticed Blork the orc
  5070 | D:5      | Killed Blork the orc
  5071 | D:5      | Reached skill level 2 in Staves
  5071 | D:5      | Gained mutation: Your touch may irresistibly damage your
                  | foes and sap their willpower. [demonic ancestry]
  5071 | D:5      | Reached XP level 8. HP: 55/55 MP: 11/17
  5536 | D:6      | Reached skill level 3 in Staves
  5783 | D:6      | Noticed Eustachio
  5797 | D:6      | Killed Eustachio
  5798 | D:6      | Reached skill level 4 in Staves
  6042 | D:6      | Reached skill level 5 in Staves
  6042 | D:6      | Gained mutation: You sometimes gain power by taking damage.
                  | [demonic ancestry]
  6042 | D:6      | Reached XP level 9. HP: 66/66 MP: 11/18
  6692 | D:7      | Noticed Prince Ribbit
  6697 | D:7      | Killed Prince Ribbit
  6698 | D:7      | Reached skill level 6 in Staves
  6866 | D:7      | Noticed Maggie
  6877 | D:7      | Killed Maggie
  6993 | D:7      | Noticed Pikel
  7005 | D:7      | Killed Pikel
  7006 | D:7      | Reached skill level 5 in Fighting
  7006 | D:7      | Reached skill level 7 in Staves
  7006 | D:7      | Reached skill level 5 in Dodging
  7146 | D:7      | Found a shimmering blue altar of Sif Muna.
  7212 | D:7      | Found Neikhiq's Armour Shop.
  7619 | D:8      | Noticed a troll
  7625 | D:8      | Killed a troll
  7751 | D:8      | Reached XP level 10. HP: 77/77 MP: 12/19
  8070 | D:8      | Found a flagged portal.
  8076 | Bailey   | Entered a bailey
  8217 | Bailey   | Noticed an orc knight
  8227 | Bailey   | Killed an orc knight
  8228 | Bailey   | Reached skill level 8 in Staves
  8406 | Bailey   | Found a large runed translucent door.
  8406 | Bailey   | Found a large runed translucent door.
  8426 | Bailey   | Noticed a deep elf pyromancer
  8427 | Bailey   | Found the +13 scythe of Curses {drain, curses, Drain}
  8510 | Bailey   | Killed a deep elf pyromancer
  8525 | Bailey   | Identified the +1 scale mail of the Game Afoot {*Slow rF+
                  | SInv Stlth+}
  9372 | D:8      | Learned a level 3 spell: Inner Flame
  9951 | D:9      | Reached skill level 9 in Staves
  9960 | D:9      | Noticed a rust devil
 10444 | D:9      | Noticed Psyche
 10481 | D:9      | Killed Psyche
 11079 | D:10     | Entered Level 10 of the Dungeon
 11079 | D:10     | Noticed a two-headed ogre
 11093 | D:9      | Reached XP level 11. HP: 32/86 MP: 12/20
 11338 | D:9      | Killed a two-headed ogre
 11424 | D:10     | Reached skill level 10 in Staves
 11529 | D:10     | Noticed a hell hog
 11536 | D:10     | Found a one-way gate to the infinite horrors of the Abyss.
 11537 | D:10     | Noticed ctx's ghost (journeyman GnEE)
 11551 | D:10     | Found a transporter.
 11568 | D:10     | Found a transporter.
 11752 | D:10     | Noticed a death yak
 11752 | D:10     | Noticed a death yak
 11930 | D:10     | Found a radiant altar of Vehumet.
 11945 | D:10     | Became a worshipper of Vehumet
 11952 | D:10     | Learned a level 5 spell: Summon Mana Viper
 11990 | D:10     | Found a staircase to the Lair.
 11991 | D:10     | Noticed a death yak
 12070 | D:10     | Killed a death yak
 12073 | D:10     | Reached skill level 1 in Hexes
 12073 | D:10     | Reached skill level 1 in Summonings
 12111 | D:11     | Noticed a two-headed ogre
 12116 | D:11     | Killed a two-headed ogre
 12189 | D:11     | Noticed a boulder beetle
 12200 | D:11     | HP: 1/87 [boulder beetle (45)]
 12211 | D:11     | Slain by a boulder beetle

Illustrated notes

Levels and vault maps discovered:
D:1:      amcnicky_arrival_flooded_fountain, layout_rooms,
          hellmonk_ecumenical_altar_blasted
D:2:      minmay_recursive_quarters, layout_basic,
          hangedman_decor_clover_reticule
D:3:      layout_basic, grunt_temple_overflow_cloverleaf,
          mainiacjoe_overflow_small_starburst, nicolae_qazlal_scattered_showers,
          kennysheep_big_empty_room, glass_columns_b
D:4:      layout_loops_ring, minmay_temple_entry_sparse_star,
          uniq_crazy_yiuf_cottage
D:5:      layout_rooms, uniq_blork_the_orc
D:6:      layout_cave_pools, zin_treasury, minmay_manual_mares, uniq_eustachio
D:7:      layout_loops_ring, nicolae_sif_muna_condensation, serial_shops,
          nicolae_square_shop, uniq_maggie, uniq_prince_ribbit1, uniq_pikel
D:8:      layout_basic, enter_bailey_4
D:9:      layout_loops_cross, uniq_psyche
D:10:     layout_rooms, lemuel_doored_altar, dpeg_lair_monsters,
          gammafunk_ghost_abyssal_escape
D:11:     layout_loops_ring, minmay_orc_entry_guard_dogs, uniq_lodul
Temple:   nicolae_temple_bog_church

Skill      XL: |  1  2  3  4  5  6  7  8  9 10 11 |
---------------+----------------------------------+-----
Fire Magic     | 3 4 5 6 |  6.0
Spellcasting   | 3 4 5 6 |  6.4
Fighting       | 1 3 5 7 |  7.7
Staves         | 2 5 7 9 10 | 10.3
Dodging        | 2 4 5 7 |  7.4
Hexes          | 1 |  1.5
Summonings     | 1 |  1.5
Stealth        | |  1.7
Conjurations   | |  1.0

Action                   |  1- 3 |  4- 6 |  7- 9 | 10-12 || total
-------------------------+-------+-------+-------+-------++-------
Melee: Unarmed           |    14 |       |       |       ||    14
       Touch             |     8 |     2 |     5 |    11 ||    26
       Dagger            |    17 |    14 |       |       ||    31
       Staff             |       |     4 |    37 |    48 ||    89
Throw: Throwing net      |       |       |     1 |       ||     1
 Cast: Foxfire           |    16 |     2 |    68 |    67 ||   153
       Scorch            |    24 |    53 |    93 |   144 ||   314
       Inner Flame       |       |       |       |     5 ||     5
Evoke: Wand              |       |       |       |    13 ||    13
       Tin of tremorston |       |       |       |     1 ||     1
  Use: Scroll            |       |     4 |     5 |    14 ||    23
       Potion            |       |       |       |     5 ||     5
Armor: Robe              |     2 |       |       |       ||     2
       Leather armour    |     3 |     9 |    24 |    20 ||    56
       Troll leather arm |       |       |       |    32 ||    32
       Skin              |       |       |       |     2 ||     2
Dodge: Dodged            |    22 |    21 |    67 |   170 ||   280
Block: Buckler           |     3 |       |       |       ||     3

Table legend: (Time is in decaauts)
 A = Elapsed time spent in this place.
 B = Non-inter-level travel time spent in this place.
 C = Inter-level travel time spent in this place.
 D = Time resting spent in this place.
 E = Time spent auto-exploring this place.
 F = Levels seen in this place.
 G = Mean time per level.
                   A        B        C        D        E       F      G
               +--------+--------+--------+--------+--------+-----+--------+
         Total |  12204 |  11471 |    733 |      0 |   9508 |  13 |  938.8 |
       Dungeon |  11427 |  10720 |    707 |      0 |   8933 |  11 | 1038.8 |
        Temple |    270 |    245 |     25 |      0 |    235 |   1 |  270.0 |
        Bailey |    506 |    506 |      0 |      0 |    339 |   1 |  506.0 |
               +--------+--------+--------+--------+--------+-----+--------+

Top non-repeatable levels by time:
     D:8: 1591 daAuts
     D:9: 1503 daAuts
     D:4: 1420 daAuts
     D:2: 1250 daAuts
     D:7: 1119 daAuts
     D:6: 1007 daAuts
     D:3: 1005 daAuts
     D:5: 908 daAuts
     D:1: 823 daAuts
    D:10: 661 daAuts
  Bailey: 506 daAuts
  Temple: 270 daAuts
    D:11: 134 daAuts
